 Dungeon Crawl Stone Soup version 0.28-a0-60-g54b5640690 (webtiles) character file.

Game seed: 12827676028242432928

471 pkoi the Ruffian (level 6, -2/51 HPs)
             Began as a Draconian Fighter on July 30, 2021.
             Slain by a kobold brigand (6 damage)
             ... on level 4 of the Dungeon.
             The game lasted 00:06:38 (6276 turns).

pkoi the Ruffian (Draconian Fighter)                Turns: 6276, Time: 00:06:39

Health: -2/51      AC:  7    Str: 18    XL:     6   Next: 83%
Magic:  6/6        EV: 10    Int: 11    God:
Gold:   198        SH:  9    Dex: 10    Spells: 5/5 levels left

rFire   . . .      SeeInvis +     - Unarmed
rCold   . . .      Faith    .   a - +0 kite shield
rNeg    . . .      Spirit   .   (armour unavailable)
rPois   .          Reflect  .   (helmet restricted)
rElec   .          Harm     .   (no cloak)
rCorr   .          Rampage  .   (no gloves)
Will    +....                   v - +0 pair of boots
Stlth   +.........              (no amulet)
HPRegen 0.17/turn               e - ring of see invisible
MPRegen 0.10/turn               o - ring of willpower

@: mighty, slowed, very slow
A: AC +6, unfitting armour, cold-blooded
a: no special abilities


You were on level 4 of the Dungeon.
You visited 1 branch of the dungeon, and saw 4 of its levels.
You also visited: Sewer.

You collected 198 gold pieces.

Inventory:

Hand Weapons
 t - a +0 short sword of speed
Missiles
 f - 16 poisoned darts (quivered)
Armour
 a - a +0 kite shield (worn)
 v - a +0 pair of boots (worn)
Jewellery
 e - a ring of see invisible (left hand)
 o - a ring of willpower (right hand)
 r - a ring of positive energy
 s - a ring of positive energy
Wands
 l - a wand of flame (22)
Scrolls
 c - 6 scrolls of identify
 i - a scroll of teleportation
 u - a scroll of fog
 w - a scroll of vulnerability {unknown}
Potions
 b - 3 potions of might
 g - a potion of heal wounds
 h - a potion of berserk rage {unknown}
 j - 3 potions of brilliance {unknown}
 k - 2 potions of haste {unknown}
 m - 2 potions of resistance
 n - a potion of cancellation {unknown}
 p - a potion of invisibility {unknown}
 q - 2 potions of flight {unknown}


   Skills:
 - Level 3.2 Fighting
 - Level 2.6 Dodging
 + Level 5.0 Shields
 * Level 6.2 Unarmed Combat


You had 5 spell levels left.
You didn't know any spells.
Your spell library contained the following spells:

 Spells                   Type           Power      Damage    Failure   Level
 Ensorcelled Hibernation  Hex/Ice        0%         N/A       89%         2
 Spider Form              Tmut/Pois      0%         N/A       98%         3
 Shadow Creatures         Summ           N/A        N/A       100%        6


Dungeon Overview and Level Annotations

Branches:
Dungeon (4/15)              Sewer (visited)
 Temple: D:4-7

Altars:
Uskayaw

Shops:
D:2 ?

Annotations:
D:4 1 runed translucent door, Crazy Yiuf, Dowan, Edmund, Sigmund


Innate Abilities, Weirdness & Mutations

Your plain brown scales are hard. (AC +6)
You cannot fit into any form of body armour.
You are cold-blooded and may be slowed by cold attacks.


Message History

You feel very sick.
You feel very sick.
You feel very sick. You block the kobold brigand's attack.
You hit the kobold brigand but do no damage.
You feel sick. The kobold brigand closely misses you.
You block the kobold brigand's attack.
You hit the kobold brigand but do no damage.
You feel sick.
The kobold brigand hits you with a +2 vampiric short sword.
You hit the kobold brigand.
The kobold brigand is lightly wounded.
You feel sick.
The kobold brigand hits you with a +2 vampiric short sword.
* * * LOW HITPOINT WARNING * * *
The kobold brigand draws strength from your wounds!
You block the kobold brigand's attack.
You hit the kobold brigand.
The kobold brigand is lightly wounded.
You feel sick.
You are no longer poisoned.
The kobold brigand hits you with a +2 vampiric short sword.
* * * LOW HITPOINT WARNING * * *
The kobold brigand draws strength from your wounds!
The kobold brigand hits you with a +2 vampiric short sword.
* * * LOW HITPOINT WARNING * * *
The kobold brigand draws strength from your wounds!
You closely miss the kobold brigand.
The kobold brigand is lightly wounded.
The kobold brigand hits you with a +2 vampiric short sword!
* * * LOW HITPOINT WARNING * * *
The kobold brigand draws strength from your wounds!
Unknown command.
It was a potion of curing.
You feel better. You block the kobold brigand's attack.
The kobold brigand hits you with a +2 vampiric short sword.
* * * LOW HITPOINT WARNING * * *
You feel very mighty all of a sudden.
The kobold brigand hits you with a +2 vampiric short sword.
You die...

.. ....# .### . ....
... ## .# ###...
..## #. #
#.......... #.###
#......#..## +...#
#...#..#...# #....
#...#..K...# #....
#......@## #.#.#
##.......######
####...#
####.........#
#.##...#
##..##....###.##.#.#
#..###.......####..
#............##....
##............#...#
###................#
#...................


You could see a kobold brigand.

Vanquished Creatures
  A centaur (D:3)
  A centaur zombie (D:3)
  A hound (D:4)
  2 orc priests (D:3)
  A jelly (D:3)
  An iguana (D:4)
  A hound skeleton (D:3)
  Robin (D:2)
  5 adders
  2 river rats (D:3)
  An adder skeleton (D:4)
  3 worms
  2 dart slugs (D:1)
  5 orcs
  5 ball pythons
  4 bats
  7 endoplasms
  2 giant cockroaches (D:3)
  9 goblins
  12 hobgoblins
  8 jackals
  7 quokkas
  6 frilled lizards
  17 kobolds
  7 rats
111 creatures vanquished.

Vanquished Creatures (others)
  7 plants (Sewer)
7 creatures vanquished.

Grand Total: 118 creatures vanquished

Notes
Turn   | Place    | Note
-------+----------+-------------------------------------------
     0 | D:1      | pkoi the Draconian Fighter began the quest for the Orb.
     0 | D:1      | Reached XP level 1. HP: 19/19 MP: 1/1
   279 | D:1      | Reached XP level 2. HP: 8/26 MP: 2/2
   694 | D:1      | Reached skill level 3 in Unarmed Combat
   910 | D:1      | Reached XP level 3. HP: 23/31 MP: 3/3
  1503 | D:2      | Found Pixzaleg's Magic Scroll Shop.
  2009 | D:2      | Reached XP level 4. HP: 38/38 MP: 4/4
  2098 | D:2      | Noticed Robin
  2121 | D:2      | Killed Robin
  2122 | D:2      | Reached skill level 4 in Unarmed Combat
  2476 | D:3      | Reached XP level 5. HP: 11/45 MP: 5/5
  2830 | D:3      | Found a glowing drain.
  2878 | Sewer    | Entered a sewer
  3121 | Sewer    | Reached skill level 5 in Unarmed Combat
  4171 | D:3      | Noticed a centaur
  4178 | D:3      | Killed a centaur
  4179 | D:3      | Reached XP level 6. HP: 43/51 MP: 6/6
  4274 | D:3      | Found a hide-covered altar of Uskayaw.
  4274 | D:3      | Noticed a +0 short sword
  4274 | D:3      | Noticed a +0 falchion
  4275 | D:3      | Noticed a +0 spear
  4276 | D:3      | Noticed a +0 falchion
  4276 | D:3      | Noticed a +0 short sword
  4276 | D:3      | Noticed a +0 spear
  4278 | D:3      | Noticed a +0 dagger
  4278 | D:3      | Noticed a +0 dagger
  5021 | D:4      | Found a runed translucent door.
  5022 | D:4      | Noticed Crazy Yiuf
  5090 | D:4      | Noticed Sigmund
  5118 | D:4      | Noticed Edmund
  5130 | D:3      | Reached skill level 6 in Unarmed Combat
  5229 | D:4      | Reached skill level 5 in Shields
  5935 | D:4      | Noticed Dowan
  5944 | D:4      | HP: 1/51 [orc (4)]
  6274 | D:4      | HP: 2/51 [kobold brigand (7)]
  6276 | D:4      | Slain by a kobold brigand

Illustrated notes

Levels and vault maps discovered:
D:1:      tarquinn_simple_flora_water_b, layout_basic,
          chequers_serial_rivers_room_b
D:2:      layout_rooms, serial_shops, nicolae_shop_behind_doors,
          grunt_ministairs_2, uniq_robin
D:3:      layout_loops_corners, nicolae_uskayaw_en_pointe, portal_sewer_entry_b
D:4:      layout_cave_pools, st_stairs_12, kennysheep_generic_room_11,
          uniq_duvessa, uniq_sigmund, uniq_crazy_yiuf_cottage, uniq_edmund

Skill      XL: |  1  2  3  4  5  6 |
---------------+-------------------+-----
Unarmed Combat | 3 4 5 6 |  6.2
Shields        | 4 5 |  5.0
Fighting       | |  3.2
Dodging        | |  2.6

Action                   |  1- 3 |  4- 6 || total
-------------------------+-------+-------++-------
Melee: Unarmed           |   167 |   321 ||   488
       Tailslap          |    14 |    27 ||    41
Throw: Dart              |       |     7 ||     7
  Use: Scroll            |     2 |     5 ||     7
       Potion            |       |     2 ||     2
 Stab: Sleeping          |     1 |     1 ||     2
Armor: Skin              |    36 |    95 ||   131
Dodge: Dodged            |    45 |   138 ||   183
Block: Kite shield       |    75 |   163 ||   238

Table legend: (Time is in decaauts)
 A = Elapsed time spent in this place.
 B = Non-inter-level travel time spent in this place.
 C = Inter-level travel time spent in this place.
 D = Time resting spent in this place.
 E = Time spent auto-exploring this place.
 F = Levels seen in this place.
 G = Mean time per level.
                   A        B        C        D        E       F      G
               +--------+--------+--------+--------+--------+-----+--------+
         Total |   6551 |   6370 |    181 |   1913 |   2993 |   5 | 1310.2 |
       Dungeon |   5256 |   5075 |    181 |   1635 |   2346 |   4 | 1314.0 |
         Sewer |   1295 |   1295 |      0 |    278 |    646 |   1 | 1295.0 |
               +--------+--------+--------+--------+--------+-----+--------+

Top non-repeatable levels by time:
     D:3: 1801 daAuts
     D:2: 1577 daAuts
     D:1: 1314 daAuts
   Sewer: 1295 daAuts
     D:4: 562 daAuts
